Match 28336323
Unlisted

Match 28336323
End
Kettenkrad Recon Vehicle
Selects Luftwaffe Battlegroup
Selects Luftwaffe Pioneer Support
Fallschirmpioneer Squad Paradrop
Fallschirmpioneer Squad Paradrop
Fallschirmpioneer Squad Paradrop
Construct Infanterie Kompanie
Grenadier Squad
Fallschirmpioneer Squad Paradrop
Fallschirmpioneer Squad Paradrop
Fallschirmpioneer Squad Paradrop
Construct Panzergrenadier Kompanie
Selects Stuka Strafing Run
Selects LG40 Recoilless Gun Paradrop
Stuka Strafing Run
Panzergrenadier Squad
Medical Station
Construct Panzer Kompanie
Pak 40 Anti-tank Gun Team
Panzer IV Medium Tank
Selects Infantry Reserves
Selects Fallschirmjäger Squad Paradrop
Fallschirmpioneer Squad Paradrop
Pak 40 Anti-tank Gun Team
Panzer IV Medium Tank
Side Skirts
Fallschirmpioneer Squad Paradrop
Stuka Strafing Run
Support Elements
Fallschirmpioneer Squad Paradrop
Nebelwerfer 42 Rocket Launcher Team
Pak 40 Anti-tank Gun Team
Selects Stuka Loiter
Panzer IV Medium Tank
Leiarde
Pandemic
Ruby
HulkSMASH
0
0

Comments sign in to comment!

No comments posted yet!